 Dungeon Crawl Stone Soup version 0.28-a0-563-gf77a47075d (webtiles) character file.

Game seed: 7213422457277583471

165 iamoutofideas the Chopper (level 5, -2/46 HPs)
             Began as a Hill Orc Monk on Oct 1, 2021.
             Slain by Sigmund (9 damage)
             ... on level 3 of the Dungeon.
             The game lasted 00:02:32 (4360 turns).

iamoutofideas the Chopper (Hill Orc Monk)           Turns: 4360, Time: 00:02:33

Health: -2/46      AC:  3    Str: 15    XL:     5   Next: 46%
Magic:  5/5        EV: 12    Int: 10    God:
Gold:   203        SH:  0    Dex: 13    Spells: 4/4 levels left

rFire   + . .      SeeInvis .   a - +0 hand axe
rCold   . . .      Faith    .   (no shield)
rNeg    . . .      Spirit   .   f - +0 leather armour
rPois   .          Reflect  .   (no helmet)
rElec   .          Harm     .   (no cloak)
rCorr   .          Rampage  .   (no gloves)
Will    .....                   (no boots)
Stlth   ++........              (no amulet)
HPRegen 0.15/turn               e - ring of protection from fire
MPRegen 0.09/turn               (no ring)

@: attractive
A: no striking features
a: no special abilities


You were on level 3 of the Dungeon.
You visited 1 branch of the dungeon, and saw 3 of its levels.

You collected 203 gold pieces.

Inventory:

Hand Weapons
 a - a +0 hand axe (weapon)
Armour
 b - a +0 robe
 d - a +0 chain mail
 f - a +0 leather armour (worn)
Jewellery
 e - a ring of protection from fire (left hand)
Wands
 j - a wand of paralysis (9)
Scrolls
 c - 3 scrolls of identify {unknown}
 g - a scroll of teleportation {unknown}
 i - a scroll of enchant armour {unknown}


   Skills:
 - Level 3.8 Fighting
 + Level 7.6 Axes
 - Level 2.5 Dodging
 - Level 1.6 Stealth


You had 4 spell levels left.
You didn't know any spells.
Your spell library contained the following spells:

 Spells                   Type           Power      Damage    Failure   Level
 Shock                    Conj/Air       0%         1d3       43%         1
 Dazzling Flash           Conj/Hex       0%         N/A       80%         3
 Swiftness                Air            0%         N/A       80%         3
 Airstrike                Air            0%         N/A       99%         4
 Agony                    Necr           0%         N/A       100%        5
 Silence                  Hex/Air        0%         N/A       100%        5


Dungeon Overview and Level Annotations

Branches:
Dungeon (3/15)

Altars:
Ru

Annotations:
D:3 Sigmund


Message History

Sigmund is lightly wounded.
Sigmund points at you and mumbles some strange words.
The puff of flame hits you. You resist.
You hit Sigmund.
Sigmund is moderately wounded.
Sigmund misses you.
You barely miss Sigmund.
Sigmund is moderately wounded.
Sigmund misses you.
You hit Sigmund.
Sigmund is moderately wounded.
Sigmund casts a spell at you. You resist with some effort.
You closely miss Sigmund.
Sigmund is moderately wounded.
Sigmund casts a spell at you.
You are confused.
Sigmund points at you and mumbles some strange words.
The puff of flame hits you. You resist. Sigmund gestures at you while chanting.
The magic dart hits you!
You bump into the crystal wall.
Sigmund gestures at you while chanting. The magic dart hits you.
Sigmund gestures at you while chanting. The puff of flame hits you. You resist.
There is an open gate here.
Sigmund hits you from afar with a +0 scythe.
It was a potion of attraction.
You feel attractive to monsters.
You feel less confused.
Sigmund hits you from afar with a +0 scythe!
* * * LOW HITPOINT WARNING * * *
Sigmund is attracted toward you.
There's a creature in the gateway!
You hit Sigmund but do no damage.
Sigmund is moderately wounded.
You hit Sigmund.
Sigmund is moderately wounded.
Sigmund hits you with a +0 scythe!
You die...

### ..# ##+## #.####
##...##
.....###.....##
..##.##.......##
..##.#.........#######
.....'.........'.#...
.>##.#.........#.#.#
..##.##.......##@'.#
#.##.###.....###.@.#
.....# ##...## #.'ยง#
#.#### ##'## ###.#
#.########.# ###..
#..........# #.####
.....###...## ##.#
#.#..# #....## #.#
#.#..###.....# #.#


You could see Sigmund.

Vanquished Creatures
  A hound (D:3)
  An orc wizard (D:3)
  3 adders (D:2)
  2 worms (D:3)
  A dart slug (D:1)
  4 orcs (D:3)
  8 bats
  An endoplasm (D:2)
  3 giant cockroaches
  2 goblins
  5 hobgoblins
  14 jackals
  3 quokkas (D:1)
  5 ball pythons (D:1)
  5 frilled lizards
  4 kobolds
  5 rats
67 creatures vanquished.

Notes
Turn   | Place    | Note
-------+----------+-------------------------------------------
     0 | D:1      | iamoutofideas the Hill Orc Monk began the quest for the
                  | Orb.
     0 | D:1      | Reached XP level 1. HP: 19/19 MP: 1/1
    47 | D:1      | HP: 1/20 [jackal (1)]
    50 | D:1      | Reached XP level 2. HP: 2/27 MP: 2/2
   333 | D:1      | Found a faded altar of an unknown god.
  1058 | D:1      | Reached skill level 5 in Axes
  1149 | D:1      | Reached XP level 3. HP: 33/33 MP: 3/3
  1918 | D:2      | Reached skill level 6 in Axes
  2070 | D:2      | Reached XP level 4. HP: 31/40 MP: 4/4
  2923 | D:3      | Found a sacrificial altar of Ru.
  2980 | D:3      | Reached skill level 7 in Axes
  2980 | D:3      | Reached XP level 5. HP: 16/46 MP: 5/5
  4343 | D:3      | Noticed Sigmund
  4360 | D:3      | Slain by Sigmund

Illustrated notes

Levels and vault maps discovered:
D:1:      tarquinn_simple_flora_water_e, layout_loops_ring,
          shapermc_ecumenical_altar_venn
D:2:      layout_rooms
D:3:      layout_loops_corners, mainiacjoe_overflow_alcove_4, marbit_many_paths,
          uniq_sigmund

Skill      XL: |  1  2  3  4 |
---------------+-------------+-----
Axes           | 5 6 7 |  7.6
Fighting       | |  3.8
Dodging        | |  2.5
Stealth        | |  1.6

Action                   |  1- 3 |  4- 6 || total
-------------------------+-------+-------++-------
Melee: Hand axe          |   135 |   122 ||   257
  Use: Potion            |     1 |     1 ||     2
 Stab: Sleeping          |     2 |     1 ||     3
       Distracted        |       |     1 ||     1
Armor: Robe              |    41 |       ||    41
       Skin              |    11 |       ||    11
       Leather armour    |     9 |    33 ||    42
Dodge: Dodged            |   132 |    60 ||   192

Table legend: (Time is in decaauts)
 A = Elapsed time spent in this place.
 B = Non-inter-level travel time spent in this place.
 C = Inter-level travel time spent in this place.
 D = Time resting spent in this place.
 E = Time spent auto-exploring this place.
 F = Levels seen in this place.
 G = Mean time per level.
                   A        B        C        D        E       F      G
               +--------+--------+--------+--------+--------+-----+--------+
         Total |   4361 |   4335 |     26 |   1209 |   2595 |   3 | 1453.7 |
       Dungeon |   4361 |   4335 |     26 |   1209 |   2595 |   3 | 1453.7 |
               +--------+--------+--------+--------+--------+-----+--------+

Top non-repeatable levels by time:
     D:1: 1764 daAuts
     D:3: 1483 daAuts
     D:2: 1113 daAuts
